Map: Tropical Sacrifice

Players

Creator - Winner!

  • Race: Protoss Protoss
  • Spawn Location: 1:00

Kelazhur

  • Race: Terran Terran
  • Spawn Location: 7:00

Event: DreamHack SC2 Masters 2022 Atlanta (Offline)

VOD

Have the link to the VOD?

Description

Time

  • Played on: Nov. 18, 2022, 2:58 p.m.
  • Length: 25:02

All games in this series

Show
View Real Time Build Order
Export as new Build Order

Creator Protoss - Winner!

Build Orders: 1 Gate Expand, Zealot Archon, Archon Drop, Dark Templar Rush 

Get SALT Encoding   

  12  0:00  Probe  
  13  0:12  Probe  
  14  0:17  Pylon  
  14  0:24  Probe (Chrono Boost)  
  15  0:36  Probe (Chrono Boost)  
  15  0:38  Gateway  
  16  0:44  Probe (Chrono Boost)  
  16  0:47  Assimilator  
  17  0:51  Probe  
  18  1:03  Probe  
  19  1:15  Probe  
  20  1:28  Cybernetics Core  
  20  1:40  Nexus  
  20  1:50  Pylon  
  21  1:54  Probe  
  21  1:57  Assimilator  
  21  2:01  Adept (Chrono Boost)  
  23  2:08  Probe  
  23  2:10  Warp Gate  
  24  2:20  Probe  
  25  2:24  Adept  
  27  2:34  Twilight Council  
  27  2:35  Probe  
  28  2:47  Probe (Chrono Boost)  
  29  2:55  Probe (Chrono Boost)  
  30  2:59  Probe (Chrono Boost)  
  30  3:05  Probe (Chrono Boost)  
  32  3:07  Probe (Chrono Boost)  
  32  3:09  Robotics Facility  
  32  3:10  Probe (Chrono Boost)  
  34  3:14  Probe  
  35  3:20  Dark Shrine  
  35  3:21  Probe (Chrono Boost)  
  37  3:29  Probe (Chrono Boost)  
  37  3:33  Probe (Chrono Boost)  
  38  3:40  Probe (Chrono Boost)  
  40  3:41  Probe (Chrono Boost)  
  40  3:46  Gateway  
  40  3:47  Gateway, Probe  
  40  3:50  Probe  
  40  3:55  Warp Prism (Chrono Boost)  
  42  4:02  Pylon  
  44  4:04  Probe  
  44  4:05  Probe  
  44  4:09  Assimilator  
  46  4:12  Assimilator  
  46  4:20  Stalker  
  46  4:22  Shield Battery  
  48  4:28  Probe x2  
  48  4:36  Dark Templar  
  49  4:40  Probe x2  
  49  4:42  Stalker  
  49  4:47  Dark Templar  
  50  4:55  Probe (Chrono Boost)  
  50  4:57  Probe (Chrono Boost)  
  52  5:06  Pylon  
  53  5:07  Probe (Chrono Boost)  
  53  5:08  Pylon  
  53  5:13  Probe (Chrono Boost)  
  54  5:23  Probe  
  54  5:24  Probe  
  54  5:26  Nexus  
  56  5:30  Dark Templar x2  
  56  5:33  Dark Templar  
  62  5:36  Archon  
  62  5:38  Probe  
  62  5:39  Probe  
  64  5:42  Archon  
  64  5:44  Gateway  
  64  5:47  Blink (Chrono Boost)  
  64  5:50  Probe  
  64  5:51  Probe  
  66  5:57  Pylon  
  66  6:00  Immortal (Chrono Boost)  
  68  6:05  Pylon  
  68  6:22  Sentry x2  
  68  6:23  Shield Battery  
  68  6:24  Probe x2  
  74  6:26  Shield Battery, Stalker  
  76  6:34  Immortal  
  76  6:39  Probe (Chrono Boost)  
  83  6:41  Probe x2 (Chrono Boost), Stalker  
  85  6:52  Gateway  
  87  6:54  Sentry  
  87  6:55  Probe x3 (Chrono Boost)  
  87  6:56  Pylon  
  87  7:00  Stalker  
  92  7:02  Stalker  
  92  7:05  Pylon  
  92  7:06  Probe  
  92  7:07  Probe x2  
  97  7:11  Stalker  
  99  7:15  Pylon  
  99  7:19  Gateway  
  99  7:22  Stalker  
  100  7:26  Stalker  
  102  7:36  Stalker  
  94  7:44  Probe  
  94  7:45  Probe x2  
  94  7:47  Robotics Bay  
  94  7:48  Stalker  
  94  7:49  Stalker  
  94  7:50  Stalker x2  
  94  7:51  Forge  
  105  7:57  Probe x3  
  108  7:58  Pylon  
  108  8:01  Dark Templar  
  108  8:05  Assimilator  
  110  8:07  Pylon  
  110  8:09  Assimilator  
  110  8:10  Forge  
  110  8:11  Pylon  
  110  8:14  Zealot x3  
  110  8:15  Charge  
  116  8:25  Probe x3  
  119  8:31  Colossus (Chrono Boost)  
  113  8:35  Nexus  
  113  8:36  Sentry  
  113  8:37  Sentry  
  113  8:40  Dark Templar  
  125  8:42  Zealot  
  125  8:45  Protoss Ground Weapons Level 1 (Chrono Boost)  
  125  8:46  Stalker  
  129  8:48  Protoss Ground Armor Level 1 (Chrono Boost)  
  129  8:49  Probe x3  
  130  8:58  Pylon  
  128  9:03  Zealot x2  
  128  9:09  Colossus (Chrono Boost)  
  132  9:13  Extended Thermal Lance (Chrono Boost)  
  138  9:20  Photon Cannon, Pylon  
  138  9:22  Zealot  
  140  9:24  Probe  
  140  9:25  Probe x2  
  140  9:28  Dark Templar  
  145  9:35  Zealot x2  
  149  9:38  Photon Cannon  
  149  9:40  Zealot, Sentry  
  153  9:52  Colossus (Chrono Boost)  
  149  9:53  Probe x4  
  159  10:04  Photon Cannon  
  159  10:05  Shield Battery  
  159  10:06  Robotics Facility  
  159  10:08  Gateway  
  159  10:09  Gateway  
  159  10:14  Gateway  
  159  10:15  Pylon  
  159  10:16  Dark Templar  
  159  10:17  Shadow Stride (Chrono Boost)  
  161  10:21  Dark Templar  
  161  10:24  Dark Templar  
  161  10:28  Assimilator  
  163  10:30  Archon, Assimilator  
  163  10:39  Stalker x2  
  163  10:41  Photon Cannon  
  163  10:42  Disruptor (Chrono Boost)  
  170  10:44  Photon Cannon  
  170  10:49  Stalker x2  
  170  10:52  Protoss Ground Weapons Level 2 (Chrono Boost)  
  170  10:55  Disruptor (Chrono Boost)  
  165  11:10  Disruptor (Chrono Boost)  
  166  11:16  Nexus  
  159  11:27  Protoss Ground Armor Level 2 (Chrono Boost)  
  159  11:28  Disruptor (Chrono Boost)  
  159  11:29  Probe x4  
  159  11:30  Pylon  
  159  11:32  Disruptor (Chrono Boost)  
  163  11:35  Gateway  
  163  11:37  Gateway  
  163  11:38  Zealot x2, Gateway  
  170  11:40  Dark Templar  
  170  11:41  Shield Battery, Photon Cannon  
  170  11:43  Pylon  
  170  11:45  Dark Templar  
  174  11:49  Zealot x2  
  178  11:57  Disruptor  
  179  12:04  Disruptor  
  166  12:30  Gravitic Boosters, Photon Cannon  
  166  12:33  Disruptor (Chrono Boost), Zealot  
  166  12:34  Shield Battery, Zealot x5, Gateway  
  166  12:35  Gateway  
  166  12:36  Stalker x2  
  186  12:47  Disruptor (Chrono Boost), Stalker x2  
  190  13:00  Disruptor (Chrono Boost)  
  190  13:01  Stalker  
  190  13:06  Stalker x2  
  193  13:14  Pylon x2  
  193  13:16  Pylon x2  
  192  13:28  Gravitic Drive  
  192  13:32  Disruptor, Photon Cannon  
  192  13:33  Stalker x4  
  192  13:34  Photon Cannon, Stalker  
  197  13:35  Observer  
  197  13:36  Photon Cannon  
  198  13:51  Nexus  
  193  14:06  Shield Battery, Pylon x2  
  193  14:08  Pylon  
  188  14:10  Pylon  
  181  14:24  Disruptor x2  
  181  14:28  Stalker x2  
  181  14:30  Stalker x2  
  195  14:34  Dark Templar  
  189  14:45  Stalker x3  
  190  15:04  Nexus, Dark Templar  
  190  15:06  Shield Battery, Sentry  
  192  15:19  Stalker x2  
  194  15:32  Stalker x4  
  200  15:39  Protoss Ground Armor Level 3 (Chrono Boost)  
  196  15:47  Pylon  
  194  16:04  Nexus  
  194  16:06  Pylon  
  194  16:08  Protoss Ground Weapons Level 3 (Chrono Boost)  
  194  16:15  Pylon  
  194  16:21  Warp Prism (Chrono Boost)  
  196  16:26  Stargate  
  196  16:30  Assimilator  
  196  16:32  Assimilator  
  192  16:36  Dark Templar x2  
  192  16:39  Assimilator  
  192  16:41  Assimilator  
  192  16:43  Archon  
  184  17:16  Pylon  
  184  17:17  Stalker x4  
  192  17:24  Oracle  
  191  17:32  Probe x3  
  191  17:34  Probe  
  195  17:41  Photon Cannon  
  195  17:43  Shield Battery  
  191  17:54  Templar Archives  
  144  18:14  Disruptor x2 (Chrono Boost)  
  147  18:21  Zealot x2  
  147  18:22  Zealot x10  
  147  18:27  Stalker x2  
  174  18:42  Disruptor, Void Ray  
  174  18:43  Stalker x3  
  176  18:59  Stalker  
  176  19:00  Stalker x4  
  172  19:19  Nexus  
  172  19:22  Stalker x5  
  174  19:33  Immortal (Chrono Boost)  
  174  19:34  Zealot x7  
  142  20:06  Stalker x7  
  150  20:07  Zealot x5  
  156  20:15  Zealot x2  
  156  20:16  Probe x4  
  157  20:22  Immortal (Chrono Boost)  
  157  20:24  Immortal (Chrono Boost)  
  163  20:36  Stalker x2  
  163  20:37  Zealot x4  
  163  20:38  Zealot  
  177  20:43  Stalker x2  
  177  20:44  Zealot x4  
  187  20:57  Dark Templar  
  187  21:01  Nexus  
  180  21:04  Disruptor (Chrono Boost)  
  167  21:22  Probe  
  167  21:24  Zealot x2, Stalker x2  
  157  21:51  Probe x3  
  158  22:04  Stalker x3  
  162  22:12  Observer (Chrono Boost)  
  160  22:20  Photon Cannon  
  161  22:25  Pylon  
  161  22:26  Observer (Chrono Boost), Assimilator  
  159  22:41  Assimilator  
  159  22:43  Shield Battery  
  159  22:44  Zealot, Sentry  
  159  22:45  Shield Battery  
  159  22:50  Zealot  
  165  22:52  Shield Battery  
  163  23:06  Pylon  
  163  23:07  Dark Templar  
  165  23:21  Nexus  
  165  23:24  Colossus (Chrono Boost)  
  168  23:38  Colossus (Chrono Boost)  
  173  23:50  Nexus  
  173  24:08  Zealot, Sentry  
  173  24:09  Colossus (Chrono Boost)  
  183  24:12  Observer, Probe x2  
  183  24:13  Probe  
  183  24:17  Probe  
  187  24:20  Dark Templar  
  187  24:28  Probe x3  
  187  24:30  Pylon  
  190  24:42  Observer (Chrono Boost)  
  187  24:53  Shield Battery  
  187  24:54  Shield Battery  
  187  24:58  Dark Templar  
  187  24:59  Dark Templar  
Show
View Real Time Build Order
Export as new Build Order

Kelazhur Terran 

Build Orders: Gas First Reaper Expand 

Get SALT Encoding   

  12  0:00  SCV  
  13  0:12  SCV  
  14  0:17  Supply Depot  
  14  0:24  SCV  
  15  0:28  Refinery  
  15  0:39  SCV  
  16  0:46  Barracks  
  16  0:51  SCV  
  17  1:03  SCV  
  18  1:07  Engineering Bay  
  18  1:15  SCV  
  19  1:33  Reaper, Orbital Command  
  20  1:50  Command Center  
  20  2:03  Factory  
  20  2:05  SCV  
  20  2:08  Barracks Reactor  
  21  2:15  Supply Depot  
  21  2:17  SCV  
  21  2:22  Refinery  
  22  2:29  SCV  
  23  2:41  SCV  
  24  2:45  Marine x2  
  26  2:51  Starport  
  26  2:52  Widow Mine  
  26  2:54  SCV  
  29  3:03  Orbital Command  
  29  3:04  Marine x2  
  31  3:09  SCV  
  32  3:15  Widow Mine  
  34  3:22  SCV  
  34  3:23  Marine x2  
  37  3:29  Medivac  
  37  3:31  SCV  
  40  3:35  SCV  
  40  3:40  Supply Depot  
  41  3:43  SCV, Factory Tech Lab  
  41  3:52  SCV, Marine x2  
  41  3:55  SCV  
  45  4:05  Supply Depot  
  45  4:06  SCV  
  45  4:08  Raven  
  48  4:11  Factory Tech Lab, Marine x2  
  48  4:15  Barracks, SCV  
  51  4:19  SCV  
  51  4:21  Barracks  
  52  4:27  SCV  
  52  4:29  Marine x2  
  52  4:31  SCV  
  55  4:35  Cyclone  
  55  4:39  SCV  
  55  4:43  SCV  
  56  4:46  Marine  
  56  4:47  Marine  
  56  4:51  SCV  
  59  4:55  SCV  
  58  5:03  SCV  
  58  5:04  Marine x2  
  61  5:07  Engineering Bay, SCV  
  61  5:13  Stimpack  
  62  5:19  Supply Depot  
  62  5:21  SCV x2, Marine  
  62  5:25  Combat Shield, Marine x3  
  62  5:27  Starport Reactor  
  68  5:33  SCV x2  
  68  5:34  Factory Reactor  
  70  5:37  Refinery  
  70  5:38  Supply Depot, Terran Infantry Weapons Level 1  
  70  5:41  Marine  
  71  5:45  SCV x2  
  73  5:50  Marine x2  
  73  5:51  Marauder  
  73  5:52  Supply Depot  
  77  5:58  SCV  
  77  6:00  SCV, Marauder  
  77  6:03  Supply Depot  
  81  6:06  Refinery  
  81  6:09  Missile Turret  
  80  6:13  SCV  
  75  6:20  SCV  
  75  6:21  Marine x2  
  75  6:22  Medivac x2, Marauder  
  82  6:30  SCV  
  82  6:32  Widow Mine x2  
  87  6:35  Marauder  
  89  6:41  Marine  
  89  6:42  Marine  
  89  6:47  Missile Turret  
  91  6:55  Command Center  
  91  6:56  Medivac  
  93  7:02  Marauder, Marine x2  
  97  7:10  Supply Depot  
  97  7:12  Widow Mine, Marauder  
  101  7:16  SCV  
  102  7:28  SCV  
  102  7:31  Medivac  
  102  7:32  Widow Mine, Terran Infantry Armor Level 1  
  102  7:34  Marauder  
  100  7:42  Marauder  
  100  7:43  Marine x2  
  92  7:46  SCV  
  92  7:47  Barracks  
  92  7:49  Barracks  
  91  7:56  Marauder  
  91  7:57  Widow Mine x2  
  91  7:58  SCV x2  
  97  8:07  Medivac x2  
  97  8:10  SCV x2, Marine x2  
  97  8:11  Missile Turret  
  97  8:12  Bunker  
  105  8:17  Marauder  
  107  8:22  SCV  
  107  8:25  Marauder  
  110  8:32  Marine  
  110  8:33  Concussive Shells, Marine  
  107  8:35  Orbital Command  
  107  8:36  SCV x2  
  107  8:38  Barracks Reactor, Barracks Tech Lab  
  107  8:39  Marauder  
  110  8:48  SCV  
  110  8:50  SCV  
  110  8:51  Marine x2  
  110  8:53  Widow Mine x2  
  117  8:55  Ghost Academy  
  117  8:56  Marauder  
  117  8:59  Refinery x2  
  117  9:00  SCV  
  118  9:03  Marauder  
  118  9:06  Marauder  
  118  9:08  SCV x2  
  124  9:12  Missile Turret  
  124  9:17  Supply Depot  
  124  9:18  Viking x2, Marine x4  
  124  9:22  Armory  
  132  9:25  Engineering Bay  
  132  9:33  SCV  
  132  9:34  Supply Depot  
  132  9:36  Supply Depot x2  
  132  9:38  Ghost x2  
  133  9:39  SCV x2  
  139  9:50  Ghost  
  139  9:51  Marine x4  
  139  9:53  Viking  
  139  9:55  Viking  
  143  10:00  Enhanced Shockwaves  
  143  10:01  Missile Turret  
  143  10:06  Ghost  
  143  10:07  Ghost  
  143  10:10  Marine x3  
  143  10:13  Terran Infantry Weapons Level 2  
  150  10:17  Terran Infantry Armor Level 2  
  150  10:25  Viking  
  152  10:28  Viking  
  153  10:37  Command Center  
  153  10:40  Ghost  
  155  10:43  Ghost  
  155  10:46  Marine x4  
  155  10:48  Widow Mine  
  160  10:59  Marauder  
  160  11:01  Widow Mine  
  160  11:04  Marine x4  
  157  11:09  Widow Mine, Marauder  
  161  11:11  Marine  
  161  11:17  SCV x3  
  155  11:20  Marine  
  155  11:21  Marine  
  155  11:22  Widow Mine  
  155  11:25  Marine x2  
  164  11:29  Supply Depot  
  164  11:31  Supply Depot, Marine  
  164  11:32  SCV, Terran Ship Weapons Level 1  
  167  11:35  Liberator x2  
  167  11:37  Fusion Core  
  169  11:44  Ghost  
  173  11:47  Supply Depot, Marauder  
  173  11:51  Marauder, Marine  
  176  12:06  Marine x2  
  180  12:08  Marauder  
  179  12:17  Liberator  
  179  12:22  Liberator  
  180  12:29  Advanced Ballistics, Widow Mine x2  
  185  12:32  SCV x3  
  188  12:44  SCV  
  188  12:47  Missile Turret  
  188  12:49  Terran Infantry Weapons Level 3  
  189  12:56  Barracks x2  
  189  12:57  Barracks  
  189  13:01  Liberator  
  189  13:05  Liberator  
  188  13:26  Marine  
  188  13:27  Marine x6  
  166  13:33  Widow Mine x2  
  176  13:40  SCV x2  
  178  13:44  Liberator, Marine x3  
  178  13:48  Liberator  
  184  13:51  Marine  
  184  13:52  SCV x2  
  177  13:56  Marine  
  177  14:01  Marine  
  178  14:19  Orbital Command  
  178  14:27  Liberator  
  178  14:31  Liberator  
  176  14:43  Marine x3  
  164  14:46  Marauder x3  
  164  14:49  Planetary Fortress  
  164  14:51  Missile Turret  
  168  14:58  Widow Mine x2  
  172  15:07  Marauder  
  172  15:15  Marine  
  167  15:30  Liberator  
  167  15:31  Marine  
  167  15:32  Marine x4  
  167  15:33  SCV x3  
  174  15:36  Refinery  
  174  15:37  Refinery  
  174  15:42  Widow Mine, Orbital Command  
  176  15:45  SCV x3  
  175  16:02  Liberator  
  175  16:03  Marine x3  
  165  16:05  SCV x2  
  165  16:07  SCV  
  165  16:09  SCV  
  169  16:17  SCV  
  170  16:21  Marauder x2  
  170  16:22  Missile Turret  
  170  16:25  SCV x2  
  176  16:26  Widow Mine  
  176  16:30  Liberator  
  176  16:31  SCV  
  181  16:33  SCV  
  181  16:38  Widow Mine  
  180  16:47  Widow Mine  
  177  17:01  Marine  
  163  17:02  Widow Mine  
  168  17:09  Widow Mine  
  165  17:17  Marauder, Marine x2  
  165  17:18  Marauder  
  165  17:19  SCV x3  
  165  17:20  SCV  
  175  17:23  Widow Mine  
  175  17:25  Liberator x2  
  177  17:30  Widow Mine  
  177  17:44  Widow Mine  
  177  17:49  Ghost  
  177  17:50  Refinery  
  182  17:51  Widow Mine  
  182  17:52  Command Center  
  180  18:00  Orbital Command  
  166  18:08  Liberator x2  
  160  18:14  Marauder  
  160  18:15  Marauder, Marine  
  160  18:17  Marine x3  
  160  18:18  Widow Mine x2, Marine  
  173  18:33  Marine  
  174  18:34  Marine x2  
  170  18:47  Ghost  
  172  18:50  Marine  
  172  18:51  Medivac x2  
  172  18:52  Ghost  
  175  19:00  Marine  
  174  19:04  SCV x2  
  174  19:05  SCV  
  174  19:07  Ghost  
  179  19:12  Marine  
  179  19:16  Ghost  
  182  19:21  Widow Mine x2  
  182  19:25  Missile Turret  
  182  19:29  Marine  
  182  19:30  Liberator  
  158  19:32  Marine x4  
  158  19:34  SCV x2  
  158  19:35  SCV x2  
  158  19:36  Marine  
  164  19:44  Marine  
  159  19:47  Marine  
  159  19:48  Liberator  
  159  19:51  Marauder  
  159  19:56  Marine  
  142  20:00  Widow Mine  
  142  20:02  Marauder, Marine x2  
  142  20:04  Marine x2  
  142  20:05  Widow Mine  
  138  20:12  Marine  
  138  20:13  Medivac  
  138  20:14  Marine  
  138  20:20  Marine x2  
  137  20:22  Marine  
  137  20:23  Ghost  
  137  20:28  Widow Mine x2  
  140  20:47  Missile Turret  
  137  20:50  Orbital Command  
  119  20:58  Liberator  
  119  21:02  Marine  
  119  21:03  Marine x2  
  118  21:08  Marine x2  
  92  21:32  Widow Mine x2  
  94  21:45  Marine x2  
  71  21:53  Widow Mine  
  73  21:58  Marine, Ghost x2  
  78  22:19  Orbital Command  
  76  22:30  Widow Mine  
  76  23:00  Widow Mine x2  
  76  23:03  SCV  
  79  23:11  SCV  
  80  23:15  SCV  
  80  23:18  Marine  
  82  23:22  Widow Mine  
  82  23:23  SCV  
  82  23:24  Widow Mine  
  81  23:39  SCV, Marauder x2  
  84  23:41  Marine  
  84  23:44  Marine  
  84  23:45  Marine  
  84  23:47  Marine  
  88  23:52  Widow Mine  
  87  23:59  Marine  
  80  24:09  Orbital Command  
Tags
 
Add a new tag
Caveats
  • Supply blocks, unpowered buildings, or Contaminate may cause inaccurate times.
  • Supply counts are checked every 10 seconds.